 Dungeon Crawl Stone Soup version 0.31.0-32-g396128a36d (webtiles) character file.

Game seed: 5701308417815044314

2765 Tovical the Basher (level 9, -15/51 HPs)
             Began as a Gargoyle Fighter on Mar 17, 2024.
             Was a Believer of Zin.
             Demolished by Maggie
             ... wielding a +0 scimitar of distortion
              (19 damage)
             ... on level 7 of the Dungeon.
             The game lasted 00:23:42 (5849 turns).

Tovical the Basher (Gargoyle Fighter)               Turns: 5849, Time: 00:23:43

Health: -15/51     AC: 25    Str: 21    XL:     9   Next: 69%
Magic:  14/14      EV:  5    Int: 12    God:    Zin [**....]
Gold:   307        SH:  4    Dex:  9    Spells: 8/8 levels left

rFire   . . .        j - +1 hand axe (venom)
rCold   . . .        c - +0 buckler
rNeg    + + .        k - +0 plate armour
rPois   ∞            (no helmet)
rElec   +            (no cloak)
rCorr   .            e - +0 pair of gloves
SInv    .            d - +1 pair of boots
Will    +....        (no amulet) Stlth
                     v - ring of positive energy
HPRegen 0.28/turn    q - +4 ring of protection
MPRegen 0.14/turn

%: no passive effects
@: enlightened, flying, mesmerised, hasted, very quick
A: sickness immunity, AC +6, negative energy resistance 1, electricity
resistance, torment resistance 1, petrification resistance
a: Renounce Religion, Recite, Vitalisation, Donate Gold


You were on level 7 of the Dungeon.
You worshipped Zin.
Zin was pleased with you.
You visited 2 branches of the dungeon, and saw 8 of its levels.

You collected 341 gold pieces.
You donated 34 gold pieces to Zin.

Inventory:

Hand Weapons
 a - a +0 flail
 b - a +2 dagger of electrocution
 j - a +1 hand axe of venom (weapon)
 n - a +2 short sword of holy wrath
 w - a +2 whip of freezing
Armour
 c - a +0 buckler (worn)
 d - a +1 pair of boots (worn)
 e - a +0 pair of gloves (worn)
 f - a +1 leather armour of cold resistance
 k - a +0 plate armour (worn)
Magical Staves
 g - a staff of earth
Jewellery
 q - a +4 ring of protection (right hand)
 u - a ring of fire
 v - a ring of positive energy (left hand)
Wands
 o - a wand of roots (1)
 s - a wand of digging (6)
Scrolls
 m - a scroll of fear
Potions
 h - a potion of ambrosia
 i - 4 potions of mutation
 l - a potion of attraction


   Skills:
 - Level 3.2 Fighting
 + Level 11.4 Maces & Flails
 - Level 3.2 Armour
 - Level 3.2 Shields
 + Level 7.0 Invocations


You had 8 spell levels left.
You didn't know any spells.
Your spell library contained the following spells:

 Spells                   Type           Power      Damage    Failure   Level
 Lesser Beckoning         Tloc           0%         N/A       100%        2
 Mercury Vapours          Alch/Air       0%         N/A       100%        2
 Gell's Gravitas          Tloc           0%         N/A       100%        3
 Mephitic Cloud           Conj/Alch/Air  0%         N/A       100%        3
 Teleport Other           Tloc           0%         N/A       100%        3
 Vhi's Electric Charge    Tloc/Air       0%         N/A       100%        4
 Arcjolt                  Conj/Air       0%         1d10      100%        5
 Freezing Cloud           Conj/Ice/Air   0%         6-21      100%        5
 Maxwell's Capacitive Co  Air            0%         ∞         100%        8


Dungeon Overview and Level Annotations

Branches:
Dungeon (7/15)             Temple (1/1) D:5

Altars:
Ashenzari
Dithmenos
Elyvilon
Gozag
Hepliaklqana
Kikubaaqudgha
Makhleb
Nemelex Xobeh
Qazlal
Ru
Sif Muna
Trog
Uskayaw
Wu Jian
Xom
Yredelemnul
Zin
The Shining One

Shops:
D:2 =(*   D:3 *

Annotations:
D:7 Maggie


Innate Abilities, Weirdness & Mutations

You are immune to sickness and miasma.
Your stone body is resilient. (AC +6)
You are immune to poison.
You resist negative energy. (rN+)
You are resistant to electric shocks. (rElec)
You are resistant to unholy torment.
You are immune to petrification.


Message History

Maggie is lightly wounded.
Maggie is no longer dazed.
Maggie hits you but does no damage. Space warps around you.
You closely miss Maggie.
Maggie is lightly wounded.
You hit Maggie but do no damage.
Maggie is lightly wounded.
Maggie hits you with a +0 scimitar of distortion.
Space warps around you.
You slash Maggie!
Maggie is heavily wounded.
Maggie gestures wildly while chanting.
Maggie draws you further into her thrall.
You hit Maggie but do no damage.
Maggie is heavily wounded.
You hit Maggie but do no damage.
Maggie is heavily wounded.
Maggie hits you with a +0 scimitar of distortion!
Space warps horribly around you!
* * * LOW HITPOINT WARNING * * *
You hit Maggie but do no damage.
Maggie is heavily wounded.
You are ready to recite again.
Maggie hits you but does no damage. Space warps horribly around you!
Zin protects you from harm!
You cannot move away from Maggie!
You hit Maggie but do no damage.
Maggie is heavily wounded.
You barely miss Maggie.
Maggie is heavily wounded.
Maggie casts a spell.
Maggie draws you further into her thrall.
You closely miss Maggie.
Maggie is heavily wounded.
You closely miss Maggie.
Maggie is heavily wounded.
Maggie hits you with a +0 scimitar of distortion!
Zin protects you from harm! Space warps horribly around you!!
You die...

#########
........#
........###
..........####
.......@#....#####
........####)....#
........#..)@@.((#
##.............(<#
#..............)##
#.............:.#
#...............#
#...............#
#........!......#
#...............#
#.............##


You could see Maggie (mesmerising, very poisoned).

Vanquished Creatures
  Pikel (D:6)
  Grinder (D:6)
  Sigmund (D:2)
  Menkaure (D:5)
  A water moccasin (D:6)
  2 sky beasts (D:6)
  An orc warrior (D:6)
  3 centaurs
  A phantom (D:6)
  A kobold brigand (D:7)
  A bullfrog (D:6)
  4 scorpions
  2 vampire bats (D:4)
  3 bombardier beetles
  2 hounds (D:6)
  3 orc priests
  5 iguanas
  Ijyb (D:3)
  3 orc wizards
  Robin (D:3)
  5 adders
  A shadow imp (D:5)
  4 ribbon worms
  2 dart slugs
  16 orcs
  7 ball pythons
  4 bats
  3 bat skeletons (D:4)
  2 bat zombies (D:4)
  9 endoplasms
  3 giant cockroaches
  18 goblins
  9 hobgoblins
  6 jackals (D:1)
  4 quokkas
  18 kobolds
  5 rats
154 creatures vanquished.

Vanquished Creatures (others)
  An orc (D:7)
  A kobold (D:7)
2 creatures vanquished.

Grand Total: 156 creatures vanquished

Notes
Turn   | Place    | Note
-------+----------+-------------------------------------------
     0 | D:1      | Tovical the Gargoyle Fighter began the quest for the Orb.
     0 | D:1      | Reached XP level 1. HP: 14/14 MP: 1/1
    72 | D:2      | Identified the +2 leather armour of Valour {Rampage Regen+}
   140 | D:1      | Reached XP level 2. HP: 19/19 MP: 2/2
   193 | D:1      | Reached skill level 3 in Maces & Flails
   366 | D:1      | Reached XP level 3. HP: 23/23 MP: 3/3
   735 | D:1      | Found a faded altar of an unknown god.
   856 | D:2      | Reached skill level 4 in Maces & Flails
   874 | D:3      | Noticed Ijyb
   917 | D:2      | Reached XP level 4. HP: 28/28 MP: 4/4
   992 | D:2      | Noticed Sigmund
  1039 | D:2      | Killed Sigmund
  1040 | D:2      | Reached skill level 5 in Maces & Flails
  1040 | D:2      | Reached XP level 5. HP: 21/32 MP: 5/5
  1044 | D:2      | Reached skill level 6 in Maces & Flails
  1143 | D:2      | Found Siach's Jewellery Shoppe.
  1230 | D:2      | Reached XP level 6. HP: 37/37 MP: 6/6
  1276 | D:3      | Noticed Robin
  1282 | D:2      | Found Ismydwin's Antique Weapon Shop.
  1416 | D:2      | Found Judami's General Store.
  1808 | D:3      | Found Boeddos's Assorted Antiques.
  2347 | D:3      | Killed Robin
  2605 | D:3      | Reached skill level 7 in Maces & Flails
  2615 | D:3      | Killed Ijyb
  3073 | D:5      | Entered Level 5 of the Dungeon
  3114 | D:4      | Reached XP level 7. HP: 35/41 MP: 7/7
  3503 | D:4      | Found a sacrificial altar of Ru.
  3630 | D:4      | Found an ancient bone altar of Kikubaaqudgha.
  3638 | D:4      | Reached skill level 8 in Maces & Flails
  3777 | D:7      | Noticed Maggie
  3777 | D:7      | Noticed Pikel
  3801 | D:5      | Reached skill level 9 in Maces & Flails
  3801 | D:5      | Reached XP level 8. HP: 44/46 MP: 8/8
  3815 | D:5      | Noticed Menkaure
  3824 | D:5      | Killed Menkaure
  3970 | D:5      | Found a staircase to the Ecumenical Temple.
  3978 | Temple   | Entered the Ecumenical Temple
  3993 | Temple   | Became a worshipper of Zin the Law-Giver
  3993 | Temple   | Reached * piety under Zin
  4188 | D:5      | Reached skill level 1 in Invocations
  4259 | D:5      | Found a bloodstained altar of Trog.
  4325 | D:5      | Found a shimmering altar of Xom.
  4450 | D:5      | Found a hazy altar of Hepliaklqana.
  4552 | D:6      | Found a broken altar of Ashenzari.
  4553 | D:6      | Noticed Grinder
  4573 | D:6      | Reached ** piety under Zin
  4587 | D:6      | Identified the +0 leather armour of the Orcish Mines {rF-
                  | MP+9 SInv}
  4657 | D:6      | Reached skill level 10 in Maces & Flails
  4858 | D:6      | Found a shadowy altar of Dithmenos.
  5046 | D:6      | Reached XP level 9. HP: 50/51 MP: 12/12
  5124 | D:6      | Found an ornate altar of the Wu Jian Council.
  5210 | D:6      | Paralysed by Grinder for 5 turns
  5215 | D:6      | Killed Grinder
  5216 | D:6      | Reached skill level 5 in Invocations
  5704 | D:6      | Killed Pikel
  5705 | D:6      | Reached skill level 11 in Maces & Flails
  5845 | D:7      | Zin protects you from harm!
  5849 | D:7      | Zin protects you from harm!
  5849 | D:7      | Demolished by Maggie

Illustrated notes

Levels and vault maps discovered:
D:1:      onia_arrival_mini_spirals, layout_basic,
          shapermc_ecumenical_altar_hornbeckon
D:2:      layout_basic, serial_shops, nicolae_shop_dealshenge, shop, shop,
          uniq_sigmund
D:3:      layout_loops_corners, serial_shops, nicolae_shop_trees,
          chequers_serial_rivers_small_3, uniq_robin, uniq_ijyb
D:4:      layout_rooms, nicolae_ru_sacrificial_ziggurat,
          kennysheep_vampire_church
D:5:      layout_cave_pools, mainiacjoe_overflow_surrounded_room,
          regret_index_xom_buried_treasure, mainiacjoe_overflow_alcove_1,
          minmay_temple_entry_glassed_door, uniq_menkaure
D:6:      layout_basic, nicolae_dithmenos_through_a_glass_darkly,
          nicolae_ashenzari_skybound, nicolae_wu_jian_immortal_techniques,
          fountainhead, uniq_grinder
D:7:      layout_rooms, vehumet_altar_wand_db, okawaru_gym_becter, uniq_maggie,
          uniq_pikel, uniq_maurice
Temple:   eino_wide_crystal_templ

Skill      XL: |  1  2  3  4  5  6  7  8  9 |
---------------+----------------------------+-----
Maces & Flails | 3 4 5 6 7 9 10 11 | 11.4
Invocations    | 4 7 |  7.0
Fighting       | |  3.2
Armour         | |  3.2
Shields        | |  3.2

Action                     |  1- 3 |  4- 6 |  7- 9 || total
---------------------------+-------+-------+-------++-------
  Melee: Flail             |   116 |   148 |   152 ||   416
         Dagger            |       |    56 |       ||    56
         Hand axe          |       |    19 |    91 ||   110
         Short sword       |       |       |    46 ||    46
 Invoke: Recite            |       |       |     4 ||     4
    Use: Potion            |       |     2 |     5 ||     7
         Scroll            |       |     4 |     4 ||     8
 Armour: Scale mail        |    76 |    54 |       ||   130
         Skin              |       |     4 |       ||     4
         Plate armour      |       |   115 |   275 ||   390
  Dodge: Dodged            |    58 |    66 |    63 ||   187
  Block: Buckler           |    22 |    33 |    41 ||    96
